 Dungeon Crawl Stone Soup version 0.20.0-9-g8272e65 (webtiles) character file.

70919 Kriby the Executioner (level 15, -25/147 HPs)
             Began as a Hill Orc Fighter on June 3, 2017.
             Was a High Priest of Trog.
             Killed from afar by an orc sorcerer (34 damage)
             ... with a bolt of negative energy
             ... on level 2 of the Orcish Mines.
             The game lasted 00:39:05 (23465 turns).

Kriby the Executioner (Hill Orc Fighter)           Turns: 23465, Time: 00:39:06

Health: -25/147    AC: 20    Str: 26    XL:     15   Next: 34%
Magic:  9/15       EV: 10    Int:  9    God:    Trog [*****.]
Gold:   1525       SH: 12    Dex: 13    Spells: 14/14 levels left

rFire    . . .     SeeInvis .   K - +4 war axe
rCold    . . .     Gourm    .   c - +0 shield
rNeg     . . .     Faith    .   T - +1 chain mail {MR+}
rPois    .         Spirit   .   C - +1 helmet
rElec    .         Reflect  .   J - +0 cloak
rCorr    .         Harm     .   M - +0 pair of gloves
MR       ++...     Clarity  +   V - +0 pair of boots
Stlth    ..........             Z - amulet of regeneration
Regen    0.8/turn               P - +5 ring of slaying
MPRegen  0.2/turn               p - ring of Meuboo {Int+3 Dex+3 Stlth+}

@: berserk cooldown, slowed, drained, very slow
A: slimy green scales 1, blurry vision 1, clarity, dopey 1
a: Berserk, Trog's Hand, Brothers in Arms, Burn Spellbooks, Renounce Religion,
Convert to Beogh


You were on level 2 of the Orcish Mines.
You worshipped Trog.
Trog was extremely pleased with you.
You were very hungry.

You visited 3 branches of the dungeon, and saw 20 of its levels.
You also visited: Ossuary.

You collected 1525 gold pieces.

Inventory:

Hand Weapons
 h - a +1 flail of protection
 K - a +4 war axe (weapon)
 O - a +2 antimagic eveningstar
Missiles
 L - 5 steel javelins (quivered)
Armour
 c - a +0 shield (worn)
 C - a +1 helmet (worn)
 J - a +0 cloak (worn)
 M - a +0 pair of gloves (worn)
 T - a +1 chain mail of magic resistance (worn)
 V - a +0 pair of boots (worn)
Jewellery
 n - an uncursed ring of resist corrosion
 p - the ring of Meuboo (right hand) {Int+3 Dex+3 Stlth+}
   (You found it on level 6 of the Dungeon)

   [ring of stealth]

   It affects your intelligence (+3).
   It affects your dexterity (+3).
   It makes you more stealthy.
 H - an uncursed ring of protection from magic
 P - a +5 ring of slaying (left hand)
 U - an uncursed ring of positive energy
 Z - an amulet of regeneration (around neck)
Wands
 e - a wand of digging (13/24)
 g - a wand of iceblast (6/15)
 y - a wand of iceblast (4/15)
 W - a wand of lightning (6/15)
 Y - a wand of acid (0/15)
Scrolls
 i - 3 scrolls of enchant armour
 j - a scroll of magic mapping
 k - 4 scrolls of fear
 o - 9 scrolls of remove curse
 t - 8 scrolls of teleportation
 x - a scroll of fog
 A - 8 scrolls of recharging
 D - a scroll of enchant weapon
 I - a scroll of silence {unknown}
 N - 6 scrolls of identify
 R - 2 scrolls of blinking
 S - a scroll of brand weapon {unknown}
Potions
 a - 2 potions of resistance
 b - a potion of haste
 d - a potion of flight
 l - 4 potions of degeneration {unknown}
 m - a potion of cancellation
 q - 3 potions of might
 u - 6 potions of curing
 v - 6 potions of brilliance
 w - a potion of lignification
 z - 5 potions of mutation
 B - 2 potions of invisibility
 E - 8 potions of heal wounds
 F - 2 potions of magic
Comestibles
 f - 8 bread rations
 r - 12 meat rations
 s - 17 chunks of flesh
 G - 12 royal jellies
 X - 4 fruits


   Skills:
 + Level 17.0(15.5) Fighting
 - Level 21.1(19.6) Axes
 * Level 3.4(11.5) Maces & Flails
 - Level 9.3(8.1) Armour
 - Level 6.4(5.3) Dodging
 - Level 9.1(7.9) Shields


You had 14 spell levels left.
You didn't know any spells.

Dungeon Overview and Level Annotations

Branches:
Dungeon (12/15)            Temple (0/1) D:7            Lair (6/6) D:11
 Shoals (0/4) Lair:3        Snake (0/4) Lair:2        Slime (0/5) Lair:5
    Orc (2/2) D:12
    Elf: Orc:2

Altars:
Ashenzari
Elyvilon
Fedhas
Makhleb
Ru
Sif Muna
Trog
Uskayaw
Vehumet
Zin
The Shining One
Jiyva


Innate Abilities, Weirdness & Mutations

You are partially covered in slimy green scales. (AC +2)
Scrolls take you a little longer to read.
You possess an exceptional clarity of mind.
You are dopey. (Int -2)


Message History

* * * LOW HITPOINT WARNING * * *
The orc wizard barely misses you. The sun demon hits you!
* * * LOW HITPOINT WARNING * * *
You are engulfed in flames!
* * * LOW HITPOINT WARNING * * *
You slash the hellwing!
The hellwing is heavily wounded.
You slice the orc wizard!!
You kill the orc wizard!
Trog accepts your kill.
Trog appreciates your killing of a magic user.
You closely miss the sun demon. You completely miss the hellwing.
The hellwing hits you.
* * * LOW HITPOINT WARNING * * *
The hellwing completely misses you.
The hellwing hits you but does no damage.
You block the hellwing's attack.
The orc sorcerer points at you and mumbles some strange words.
The bolt of negative energy hits you!
You feel drained.
You die...

.# ........... .
...##.........#.
...............
#........$#$##
#...........## .
#.........<.## ..
#.....<.......
...
#....4........
#...
#4o)@.........
#.5o
#.o34o........
#..#)oT).........
#.o)3))......#...
#..)))[..........
#.....$..........
#..#...........#
....#....$......
..)..#..........


You could see an orc high priest, a sun demon, 2 hellwings, a neqoxec, a chaos
spawn, 2 orc sorcerers, 2 orc wizards and a friendly troll (berserk).

Vanquished Creatures
  Kirke (D:12)
  A dire elephant (Lair:6)
  A fire dragon (Lair:6)
  6 hydras
  Harold (Lair:4)
  A death knight (D:12)
  A centaur warrior (D:12)
  2 two-headed ogres (D:8)
  8 death yaks (Lair:6)
  A queen ant (Lair:2)
  A skeletal warrior (D:11)
  A swamp dragon (Lair:6)
  A lindwurm (Lair:6)
  2 orc sorcerers (Orc:2)
  A cyclops (D:12)
  11 elephants
  Maurice (D:11)
  Psyche (D:8)
  9 black mambas
  2 gargoyles
  3 centaur zombies
  15 spiny frogs
  9 rime drakes
  A kobold demonologist (D:12)
  7 komodo dragons
  A merfolk (Lair:3)
  6 trolls
  Prince Ribbit (Lair:3)
  Grinder (D:5)
  8 dream sheep
  24 blink frogs
  7 hippogriffs
  A snapping turtle (Lair:3)
  30 yaks
  3 hogs (D:12)
  2 wyverns
  4 basilisks
  3 vampire mosquitoes (D:12)
  2 hungry ghosts
  2 steam dragons (Lair:6)
  Edmund (D:5)
  7 soldier ants (Lair:2)
  An acid dragon (Lair:6)
  9 water moccasins
  2 wargs
  9 porcupines
  15 orc warriors
  2 sky beasts
  3 swamp drakes (Lair:6)
  A black bear (D:6)
  4 ice beasts
  11 ogres
  A phantom (D:6)
  18 crocodiles
  2 centaurs (D:7)
  2 big kobolds (D:7)
  18 bullfrogs
  Blork the orc (D:5)
  The ghost of Tridux the Scratcher, an amateur FeTm of Uskayaw (D:5)
  A water moccasin zombie (Ossuary)
  A water moccasin skeleton (D:7)
  3 scorpions
  8 killer bees (D:12)
  3 crimson imps
  3 bullfrog zombies
  23 orc priests
  2 bullfrog skeletons
  2 centaur skeletons
  8 hounds
  6 jellies
  25 orc wizards
  A gnoll shaman (D:6)
  Natasha (thrice) (D:2)
  7 iguanas
  29 worker ants
  Terence (D:2)
  4 big kobold zombies (Ossuary)
  3 mummies
  A hound skeleton (D:7)
  Robin (D:3)
  3 gnolls (D:6)
  13 adders
  5 oozes (D:8)
  4 adder zombies (Ossuary)
  2 adder skeletons
  2 worms
  6 leopard geckos
  42 orcs
  11 bats
  4 giant cockroaches
  5 gnoll zombies (Ossuary)
  17 goblins
  12 hobgoblins
  5 jackals
  10 quokkas
  4 frilled lizards
  7 hobgoblin zombies
  A jackal skeleton (D:7)
  10 kobolds
  2 kobold zombies (Ossuary)
  A leopard gecko skeleton (D:8)
  8 orc zombies
  A quokka skeleton (D:7)
  A quokka zombie (D:6)
  10 rats
  2 fungi
  4 plants
618 creatures vanquished.

Vanquished Creatures (collateral kills)
  6 hydras
  A two-headed ogre (D:11)
  4 death yaks (Lair:6)
  2 skeletal warriors (D:11)
  A lindwurm (Lair:6)
  A cyclops (D:11)
  An elephant (Lair:6)
  A polar bear (Lair:6)
  A blink frog (Lair:6)
  3 yaks (Lair:4)
  A basilisk (Lair:1)
  A water moccasin (Lair:6)
  A porcupine (Lair:1)
  An orc wizard (Orc:2)
25 creatures vanquished.

Vanquished Creatures (others)
  13 fungi
  7 plants
20 creatures vanquished.

Grand Total: 663 creatures vanquished

Notes
Turn   | Place    | Note
-------+----------+-------------------------------------------
     0 | D:1      | Kriby the Hill Orc Fighter began the quest for the Orb.
     0 | D:1      | Reached XP level 1. HP: 19/19 MP: 1/1
    42 | D:1      | Reached skill level 3 in Axes
   131 | D:1      | Reached XP level 2. HP: 25/27 MP: 2/2
   381 | D:1      | Reached skill level 4 in Axes
   432 | D:1      | Reached XP level 3. HP: 24/33 MP: 3/3
   801 | D:2      | Noticed Natasha
   811 | D:2      | Noticed Terence
   816 | D:2      | Killed Natasha
   816 | D:2      | Reached skill level 5 in Axes
   816 | D:2      | Reached XP level 4. HP: 17/41 MP: 4/4
   817 | D:2      | Killed Terence
  1038 | D:2      | Noticed Natasha
  1043 | D:2      | Killed Natasha
  1043 | D:2      | Reached XP level 5. HP: 47/47 MP: 5/5
  1180 | D:2      | Noticed Natasha
  1188 | D:2      | Killed Natasha
  1188 | D:2      | Reached skill level 5 in Fighting
  1188 | D:2      | Reached skill level 6 in Axes
  1397 | D:2      | Found a bloodstained altar of Trog.
  1429 | D:2      | Became a worshipper of Trog the Wrathful
  1525 | D:3      | Noticed Robin
  1534 | D:3      | Killed Robin
  1626 | D:3      | Reached XP level 6. HP: 35/56 MP: 6/6
  1785 | D:3      | Reached skill level 7 in Axes
  2662 | D:4      | Found a shattered altar of Ashenzari.
  2681 | D:4      | Reached * piety under Trog
  2693 | D:4      | Reached skill level 8 in Axes
  2883 | D:4      | Found a burning altar of Makhleb.
  2883 | D:4      | Found a glowing silver altar of Zin.
  2884 | D:4      | Noticed an angel
  2884 | D:4      | Noticed an Executioner
  2904 | D:4      | Reached XP level 7. HP: 31/62 MP: 7/7
  3788 | D:4      | Reached skill level 9 in Axes
  4023 | D:5      | Entered Level 5 of the Dungeon
  4040 | D:5      | Noticed Grinder
  4040 | D:5      | Noticed Tridux's ghost (amateur FeTm)
  4042 | D:5      | Killed Tridux's ghost
  4049 | D:5      | Killed Grinder
  4049 | D:5      | Reached XP level 8. HP: 71/71 MP: 8/8
  4163 | D:5      | Noticed Edmund
  4182 | D:5      | Killed Edmund
  4182 | D:5      | Reached skill level 10 in Axes
  4224 | D:5      | Found a sand-covered staircase.
  4228 | Ossuary  | Entered an ossuary
  4300 | Ossuary  | Reached ** piety under Trog
  4577 | Ossuary  | Gained mutation: You possess an exceptional clarity of mind. [potion of mutation]
  4577 | Ossuary  | Gained mutation: You are dopey. (Int -2) [potion of mutation]
  4577 | Ossuary  | Gained mutation: Scrolls take you a little longer to read. [potion of mutation]
  4577 | Ossuary  | Gained mutation: You are partially covered in slimy green scales. (AC +2) [potion of mutation]
  4638 | D:5      | Noticed Blork the orc
  4645 | D:5      | Killed Blork the orc
  4645 | D:5      | Reached skill level 11 in Axes
  5602 | D:6      | Reached *** piety under Trog
  5689 | D:6      | Found a glowing golden altar of the Shining One.
  5869 | D:6      | Reached XP level 9. HP: 78/81 MP: 7/9
  5903 | D:6      | Reached skill level 12 in Axes
  6435 | D:6      | Got a smoking platinum ring
  6441 | D:6      | Identified the ring of Meuboo {Int+3 Dex+3 Stlth+} (You found it on level 6 of the Dungeon)
  6581 | D:7      | Reached skill level 13 in Axes
  7034 | D:7      | Reached **** piety under Trog
  7034 | D:7      | Reached skill level 14 in Axes
  7068 | D:7      | Found a glowing golden altar of the Shining One.
  7147 | D:7      | Found a sacrificial altar of Ru.
  7204 | D:7      | Found a staircase to the Ecumenical Temple.
  7226 | D:7      | Reached XP level 10. HP: 84/93 MP: 8/10
  7230 | D:7      | Got a bloodstained whip
  7344 | D:7      | Reached skill level 10 in Fighting
  7404 | D:7      | Identified the cursed +1 whip "Perel" {freeze, rPois MP+9} (You found it on level 7 of the Dungeon)
  7668 | D:7      | Noticed a gargoyle
  7688 | D:7      | Killed a gargoyle
  7749 | D:8      | Noticed a two-headed ogre
  7750 | D:8      | Found a white marble altar of Elyvilon.
  7764 | D:8      | Killed a two-headed ogre
  7764 | D:8      | Reached skill level 15 in Axes
  7993 | D:8      | Noticed Psyche
  8007 | D:8      | Killed Psyche
  8415 | D:8      | Found a radiant altar of Vehumet.
  8422 | D:8      | Found a hide-covered altar of Uskayaw.
  8614 | D:8      | Found a deep blue altar of Sif Muna.
  8617 | D:8      | Found a blossoming altar of Fedhas.
  8640 | D:8      | Found a glowing golden altar of the Shining One.
  8671 | D:8      | Noticed a two-headed ogre
  8676 | D:8      | Killed a two-headed ogre
  8676 | D:8      | Reached skill level 16 in Axes
  9405 | D:9      | Reached XP level 11. HP: 87/103 MP: 8/11
  9777 | D:10     | Entered Level 10 of the Dungeon
  9835 | D:10     | Reached ***** piety under Trog
  9870 | D:10     | You fall through a shaft!
  9905 | D:11     | Noticed Maurice
  9937 | D:11     | Killed Maurice
 10229 | D:11     | Reached skill level 17 in Axes
 10421 | D:11     | Noticed a two-headed ogre
 10431 | D:11     | Killed a two-headed ogre
 10693 | D:11     | Noticed a six-headed hydra
 10700 | D:11     | Killed a six-headed hydra
 10785 | D:11     | Found a staircase to the Lair.
 10842 | D:11     | Noticed a cyclops
 10843 | D:11     | Noticed a skeletal warrior
 10844 | D:11     | Noticed a skeletal warrior
 10844 | D:11     | Noticed a skeletal warrior
 10849 | D:11     | Killed a skeletal warrior
 10853 | D:11     | Killed a cyclops
 10855 | D:11     | Killed a skeletal warrior
 10855 | D:11     | Reached skill level 18 in Axes
 10857 | D:11     | Killed a skeletal warrior
 11053 | Lair:1   | Entered Level 1 of the Lair of Beasts
 11205 | Lair:1   | Noticed an eight-headed hydra
 11211 | Lair:1   | Killed an eight-headed hydra
 11462 | Lair:1   | Noticed an eight-headed hydra
 11473 | Lair:1   | Killed an eight-headed hydra
 11760 | Lair:1   | Reached XP level 12. HP: 49/115 MP: 7/12
 12207 | Lair:1   | Identified the +2 ring mail of Supple Strength {rPois} (You found it on level 1 of the Lair of Beasts)
 12377 | Lair:1   | Reached skill level 19 in Axes
 12658 | Lair:1   | Noticed a five-headed hydra
 12665 | Lair:1   | Killed a five-headed hydra
 13689 | Lair:2   | Found a staircase to the Snake Pit.
 14072 | Lair:2   | Reached skill level 20 in Axes
 14152 | Lair:2   | Noticed a six-headed hydra
 14164 | Lair:2   | Killed a six-headed hydra
 14510 | Lair:2   | Noticed a queen ant
 14520 | Lair:2   | Killed a queen ant
 14520 | Lair:2   | Reached XP level 13. HP: 68/125 MP: 9/13
 15240 | Lair:3   | Reached skill level 21 in Axes
 15827 | Lair:3   | Noticed Prince Ribbit
 15831 | Lair:3   | Killed Prince Ribbit
 16236 | Lair:3   | Reached skill level 1 in Dodging
 16452 | Lair:3   | Reached skill level 15 in Fighting
 16723 | Lair:3   | Found a staircase to the Shoals.
 17168 | Lair:4   | Reached skill level 5 in Shields
 17278 | Lair:4   | Reached skill level 5 in Armour
 17315 | Lair:4   | Noticed Harold
 17330 | Lair:4   | Killed Harold
 18655 | Lair:5   | Found a staircase to the Slime Pits.
 18655 | Lair:5   | Found a viscous altar of Jiyva.
 19554 | Lair:5   | Reached XP level 14. HP: 79/135 MP: 9/14
 20442 | Lair:6   | Entered Level 6 of the Lair of Beasts
 20691 | Lair:6   | Noticed a dire elephant
 20708 | Lair:6   | Killed a dire elephant
 21042 | Lair:6   | Reached skill level 5 in Dodging
 22254 | D:12     | Reached XP level 15. HP: 141/145 MP: 15/15
 22305 | D:12     | Noticed Kirke
 22321 | D:12     | Killed Kirke
 22739 | D:12     | Found a staircase to the Orcish Mines.
 22751 | D:12     | Received a gift from Trog
 23006 | D:12     | Reached skill level 1 in Maces & Flails
 23073 | Orc:1    | Entered Level 1 of the Orcish Mines
 23415 | Orc:2    | Entered Level 2 of the Orcish Mines
 23465 | Orc:2    | Killed from afar by an orc sorcerer

Skill      XL: |  1  2  3  4  5  6  7  8  9 10 11 12 13 14 15 |
---------------+----------------------------------------------+-----
Axes           | 3 4 5 6 8 9 11 14 16 18 20 21 | 21.1
Fighting       | 4 5 6 8 9 11 13 14 15 16 17 | 17.0
Dodging        | 3 6 |  6.4
Shields        | 6 8 9 |  9.1
Armour         | 6 8 9 |  9.3
Maces & Flails | 3 |  3.4

Action                   |  1- 3 |  4- 6 |  7- 9 | 10-12 | 13-15 || total
-------------------------+-------+-------+-------+-------+-------++-------
Melee: War axe           |   114 |   217 |   428 |   517 |   690 ||  1966
       Unarmed           |       |     7 |       |       |     3 ||    10
       Flail             |       |       |       |       |    44 ||    44
       Eveningstar       |       |       |       |       |    94 ||    94
Invok: Berserk           |       |       |     2 |     5 |     8 ||    15
       Burn Spellbooks   |       |       |     2 |       |     1 ||     3
       Brothers in Arms  |       |       |       |     8 |    10 ||    18
       Trog's Hand       |       |       |       |     1 |       ||     1
Evoke: Wand              |       |       |       |    15 |     4 ||    19
  Use: Potion            |     1 |     2 |     7 |     1 |     4 ||    15
       Scroll            |       |       |    12 |     8 |     5 ||    25
 Stab: Distracted        |       |       |       |       |     1 ||     1
  Eat: Chunk             |       |     7 |    16 |    24 |    35 ||    82
       Fruit             |       |       |       |     3 |       ||     3
       Meat ration       |       |       |       |     1 |       ||     1
       Royal jelly       |       |       |       |     1 |       ||     1
       Bread ration      |       |       |       |       |     1 ||     1
Armor: Scale mail        |    58 |     2 |   128 |    62 |       ||   250
       Chain mail        |       |   111 |    10 |       |   327 ||   448
       Skin              |       |     1 |       |       |       ||     1
       Plate armour      |       |       |       |   159 |    77 ||   236
Dodge: Dodged            |    42 |    45 |    87 |    90 |   224 ||   488
Block: Shield            |    61 |    97 |   155 |   191 |   413 ||   917
